 Dungeon Crawl Stone Soup version 0.27-a0-1287-gca74d27db6 (webtiles) character file.

Game seed: 15941883524695923818

24234 lunkers the Destroyer (level 12, 0/71 HPs)
             Began as a Deep Elf Air Elementalist on June 14, 2021.
             Was an Elder of Vehumet.
             Slain by a polar bear simulacrum (1 damage)
             ... on level 2 of the Lair of Beasts.
             The game lasted 00:35:57 (18872 turns).

lunkers the Destroyer (Deep Elf Air Elementalist)  Turns: 18872, Time: 00:35:58

Health: 0/71       AC: 11    Str:  5    XL:     12   Next: 78%
Magic:  29/29      EV: 12    Int: 31    God:    Vehumet [****..]
Gold:   1127       SH:  5    Dex: 15    Spells: 20/34 levels left

rFire    + . .     SeeInvis .   x - +6 short sword
rCold    . . .     Faith    .   q - +0 buckler
rNeg     . . .     Spirit   .   k - +2 robe {rF+}
rPois    +         Reflect  .   g - +1 helmet
rElec    .         Harm     .   e - +1 cloak
rCorr    .         Rampage  .   n - +2 pair of gloves
Will     ++...                  (no boots)
Stlth    ++........             b - amulet of Ugraune {RegenMP Int+5}
HPRegen  0.21/turn              j - ring of poison resistance
MPRegen  0.46/turn              B - ring of willpower

@: no status effects
A: no striking features
a: Renounce Religion


You were on level 2 of the Lair of Beasts.
You worshipped Vehumet.
Vehumet was greatly pleased with you.
You visited 3 branches of the dungeon, and saw 14 of its levels.
You also visited: Volcano.

You collected 1127 gold pieces.

Inventory:

Hand Weapons
 i - a +2 vorpal quarterstaff
 r - a +0 morningstar of protection
 x - a +6 short sword (weapon)
 z - a +4 morningstar
Missiles
 d - 8 boomerangs of dispersal
 o - 2 atropa-tipped darts
 C - 4 throwing nets
Armour
 e - a +1 cloak (worn)
 g - a +1 helmet (worn)
 k - a +2 robe of fire resistance (worn)
 n - a +2 pair of gloves (worn)
 q - a +0 buckler (worn)
Jewellery
 a - an amulet of the acrobat
 b - the amulet of Ugraune (around neck) {RegenMP Int+5}
   (You acquired it in the Ecumenical Temple)

   [amulet of magic regeneration]

   It increases your rate of magic regeneration.
   It affects your intelligence (+5).
 j - a ring of poison resistance (left hand)
 B - a ring of willpower (right hand)
Wands
 s - a wand of acid (3)
 y - a wand of iceblast (6)
 G - a wand of flame (47)
 J - a wand of polymorph (10)
Scrolls
 f - 4 scrolls of teleportation
 h - 2 scrolls of fear
 l - a scroll of enchant armour
 u - 5 scrolls of fog
 A - 2 scrolls of enchant weapon
 F - 2 scrolls of vulnerability {unknown}
Potions
 c - 2 potions of might
 m - 3 potions of brilliance
 p - 3 potions of heal wounds
 t - 6 potions of curing
 v - 3 potions of cancellation
 D - 3 potions of berserk rage
 E - 2 potions of resistance {unknown}
 H - a potion of flight {unknown}
 I - a potion of ambrosia {unknown}
Miscellaneous
 w - a lightning rod (4/4)


   Skills:
 + Level 6.6 Fighting
 - Level 2.4 Dodging
 + Level 3.3 Stealth
 - Level 4.0 Shields
 + Level 11.7 Spellcasting
 * Level 13.2 Conjurations
 * Level 12.5 Air Magic


You had 20 spell levels left.
You knew the following spells:

 Your Spells              Type           Power      Damage    Failure   Level
a - Airstrike             Air            38%        N/A       1%          4
b - Static Discharge      Conj/Air       78%        N/A       0%          2
c - Swiftness             Air            77%        N/A       1%          3
e - Lightning Bolt        Conj/Air       39%        1d57      1%          5

Your spell library contained the following spells:

 Spells                   Type           Power      Damage    Failure   Level
 Sticky Flame             Conj/Fire      56%        2d7       1%          4
 Shock                    Conj/Air       100%       1d9       0%          1
 Freeze                   Ice            72%        1d9       1%          1
 Hailstorm                Conj/Ice       56%        3d12      1%          4
 Animate Skeleton         Necr           36%        N/A       2%          1
 Apportation              Tloc           36%        N/A       2%          1
 Corona                   Hex            20%        N/A       2%          1
 Summon Small Mammal      Summ           72%        N/A       2%          1
 Frozen Ramparts          Ice            36%        1d5       2%          3
 Ozocubu's Armour         Ice            18%        N/A       9%          3
 Metabolic Englaciation   Hex/Ice        9%         N/A       58%         5


Dungeon Overview and Level Annotations

Branches:
Dungeon (11/15)            Temple (1/1) D:6            Lair (2/6) D:9
    Orc (0/2) D:10        Volcano (visited)
  Swamp: Lair:2-4    Shoals: Lair:2-4     Snake: Lair:2-4    Spider: Lair:2-4

Altars:
Ashenzari
Cheibriados
Dithmenos
Elyvilon
Fedhas
Gozag
Hepliaklqana
Kikubaaqudgha
Makhleb
Nemelex Xobeh
Okawaru
Qazlal
Ru
Sif Muna
Trog
Uskayaw
Vehumet
Wu Jian
Xom
Yredelemnul
Zin
The Shining One

Shops:
D:3 =


Message History

Casting: Static Discharge (safe; 0% risk of failure)
Confirm with . or Enter, or press ? or * to list all spells.
The polar bear simulacrum is struck by an arc of lightning!
The polar bear simulacrum is severely damaged.
The yak simulacrum is struck by an arc of lightning!
The yak simulacrum is moderately damaged.
The yak simulacrum is struck by an arc of lightning.
The yak simulacrum vapourises!
Vehumet accepts your kill.
You feel your power returning.
The lightning grounds out.
Unknown command.
Unknown command.
Casting: Static Discharge (safe; 0% risk of failure)
Confirm with . or Enter, or press ? or * to list all spells.
The polar bear simulacrum is struck by an arc of lightning!!
The polar bear simulacrum vapourises!
Vehumet accepts your kill.
You feel your power returning.
The yak simulacrum is struck by an arc of lightning.
The yak simulacrum is heavily damaged.
The lightning grounds out.
The yak simulacrum gores you.
* * * LOW HITPOINT WARNING * * *
The yak simulacrum freezes you!
* * * LOW HITPOINT WARNING * * *
Casting: Static Discharge (safe; 0% risk of failure)
Confirm with . or Enter, or press ? or * to list all spells.
The polar bear simulacrum is struck by an arc of lightning!
The polar bear simulacrum is heavily damaged.
The yak simulacrum is struck by an arc of lightning.
The yak simulacrum vapourises!
Vehumet accepts your kill.
You feel your power returning.
The polar bear simulacrum is struck by an arc of lightning.
The polar bear simulacrum is moderately damaged.
The lightning grounds out.
The polar bear simulacrum bites you!
* * * LOW HITPOINT WARNING * * *
The polar bear simulacrum freezes you!!
* * * LOW HITPOINT WARNING * * *
The polar bear simulacrum claws you.
You die...

#............................
#...##.#...#.....#...#.......
#...###..##...##########.....
#.............#####...##.....
##...##................P##....
#.....#..##########......#....
##.......#(...#☼Z.#..#.#......
##...##..###..ZZZ.#....##.....
#P...#.#.#...@#...#.##'#.#....
##...#...#....#####...........
#........#...)#...............
#####P.#.#....'.P⌠P..#########
####.######......##
#................#
##..##.#P.......##
##########.##### ###


You could see a river rat simulacrum, a yak simulacrum and 2 polar bear
simulacra.

Vanquished Creatures
  2 hydras (Lair:1)
  Harold (D:11)
  An ogre mage (D:10)
  A dancing weapon (Volcano)
  A tengu warrior (D:10)
  5 wizards (Volcano)
  A wolf spider (Lair:2)
  A necromancer (Lair:2)
  A manticore (D:11)
  4 black mambas (Lair:2)
  A centaur zombie (D:10)
  4 toenail golems (Volcano)
  A gargoyle (D:11)
  A torpor snail (Lair:2)
  7 cane toads
  2 komodo dragons
  A hornet (Lair:2)
  A shadow (D:10)
  3 wyverns (D:9)
  A wraith (D:7)
  26 yaks
  2 steam dragons
  4 basilisks
  Eustachio (D:4)
  3 acid dragons
  6 water moccasins
  A sky beast (D:5)
  7 orc warriors
  An ice beast (D:6)
  A black bear (D:4)
  3 centaurs
  3 kobold brigands
  8 bullfrogs
  2 gnoll sergeants (D:9)
  2 scorpions
  A water moccasin zombie (D:6)
  2 water moccasin skeletons
  9 killer bees
  17 wights
  5 electric eels (D:10)
  A howler monkey (D:6)
  A bullfrog zombie (D:7)
  2 centaur skeletons
  6 orc priests
  9 hounds
  2 jellies
  2 gnoll shamans (D:6)
  Ijyb (D:5)
  Terence (D:2)
  2 iguanas
  9 orc wizards
  A polar bear simulacrum (Lair:2)
  2 yak simulacra (Lair:2)
  3 wolf simulacra (Lair:2)
  A hound zombie (D:5)
  A hound skeleton (D:4)
  Robin (D:3)
  13 gnolls
  17 adders
  4 shadow imps
  A white imp (D:7)
  An ufetubus (D:5)
  2 dart slugs (D:1)
  2 worms
  30 orcs
  7 bats
  7 endoplasms
  A giant cockroach (D:2)
  17 goblins
  11 hobgoblins
  2 jackals (D:1)
  23 kobolds
  2 quokkas
  2 ball pythons (D:1)
  A frilled lizard (D:1)
  11 rats
343 creatures vanquished.

Vanquished Creatures (others)
  A toenail golem (Volcano)
  A black bear (D:6)
  A jelly (D:6)
  An iguana (D:6)
  A centaur skeleton (D:6)
  An orc (D:6)
  27 fungi
  65 plants
98 creatures vanquished.

Grand Total: 441 creatures vanquished

Notes
Turn   | Place    | Note
-------+----------+-------------------------------------------
     0 | D:1      | lunkers the Deep Elf Air Elementalist began the quest for
                  | the Orb.
     0 | D:1      | Reached XP level 1. HP: 10/10 MP: 6/6
   253 | D:1      | Reached XP level 2. HP: 15/15 MP: 5/8
   763 | D:1      | Reached skill level 2 in Conjurations
  1159 | D:1      | Reached XP level 3. HP: 19/19 MP: 7/9
  1179 | D:1      | Found a faded altar of an unknown god.
  1333 | D:2      | Learned a level 2 spell: Static Discharge
  1337 | D:2      | Learned a level 3 spell: Swiftness
  1932 | D:2      | Reached XP level 4. HP: 19/24 MP: 4/11
  2310 | D:3      | Noticed Terence
  2331 | D:2      | Killed Terence
  2332 | D:2      | Reached skill level 3 in Conjurations
  2609 | D:3      | Reached XP level 5. HP: 12/28 MP: 8/13
  2801 | D:3      | Found a sparkling altar of Nemelex Xobeh.
  2967 | D:3      | Noticed Robin
  2977 | D:3      | Killed Robin
  2978 | D:3      | Reached skill level 4 in Conjurations
  3489 | D:3      | Found a snail-covered altar of Cheibriados.
  3493 | D:3      | Reached XP level 6. HP: 29/32 MP: 9/15
  3593 | D:3      | Found Ziji Ite's Jewellery Shop.
  3615 | D:3      | Found a broken altar of Ashenzari.
  3676 | D:3      | Found an iron altar of Okawaru.
  3847 | D:4      | Reached skill level 5 in Spellcasting
  3847 | D:4      | Reached skill level 5 in Air Magic
  3962 | D:4      | Reached skill level 5 in Conjurations
  4041 | D:4      | Noticed Eustachio
  4049 | D:4      | Learned a level 4 spell: Airstrike
  4055 | D:4      | Learned a level 5 spell: Lightning Bolt
  4062 | D:4      | Killed Eustachio
  4063 | D:4      | Reached XP level 7. HP: 24/36 MP: 7/17
  4295 | D:4      | Found a stormy altar of Qazlal.
  4298 | D:4      | Found a blossoming altar of Fedhas.
  4567 | D:5      | Entered Level 5 of the Dungeon
  4809 | D:5      | Reached skill level 6 in Conjurations
  5072 | D:5      | Noticed Ijyb
  5076 | D:5      | Killed Ijyb
  5204 | D:5      | Found a burning altar of Makhleb.
  5465 | D:5      | Reached skill level 1 in Shields
  5697 | D:5      | Reached XP level 8. HP: 3/42 MP: 6/19
  6028 | D:5      | Reached skill level 1 in Fighting
  6911 | D:6      | Found a staircase to the Ecumenical Temple.
  6924 | D:6      | Reached skill level 7 in Conjurations
  6934 | Temple   | Entered the Ecumenical Temple
  7187 | Temple   | Became a worshipper of Vehumet
  7207 | Temple   | Identified a scroll of acquirement
  7207 | Temple   | Acquired the amulet of Ugraune {RegenMP Int+5}
  7496 | D:6      | Found a shimmering altar of Xom.
  7726 | D:6      | Reached XP level 9. HP: 41/48 MP: 7/21
  7915 | D:6      | Found a shimmering blue altar of Sif Muna.
  9205 | D:7      | Reached skill level 8 in Conjurations
  9279 | D:7      | Found a bloodstained altar of Trog.
  9517 | D:8      | Reached * piety under Vehumet
  9517 | D:8      | Offered knowledge of Foxfire by Vehumet.
  9909 | D:8      | Reached XP level 10. HP: 56/56 MP: 16/24
  9916 | D:8      | Reached skill level 9 in Conjurations
 10068 | D:8      | Found a shadowy altar of Dithmenos.
 10852 | D:9      | Offered knowledge of Magic Dart by Vehumet.
 10853 | D:9      | Reached ** piety under Vehumet
 11926 | D:9      | Found a staircase to the Lair.
 12314 | D:9      | Reached skill level 10 in Conjurations
 12430 | D:9      | Found a basalt altar of Yredelemnul.
 12944 | D:9      | Identified the +3 scale mail of the Many Glowing Tales {Fly
                  | rPois rN+ Will-}
 12963 | D:9      | Offered knowledge of Conjure Flame by Vehumet.
 13115 | D:10     | Entered Level 10 of the Dungeon
 13365 | D:10     | Found a staircase to the Orcish Mines.
 13394 | D:10     | Noticed a tengu warrior
 13403 | D:10     | Killed a tengu warrior
 13404 | D:10     | Reached skill level 10 in Air Magic
 13620 | D:10     | Reached *** piety under Vehumet
 13621 | D:10     | Reached XP level 11. HP: 27/62 MP: 5/26
 13850 | D:10     | Noticed an ogre mage
 13854 | D:10     | Killed an ogre mage
 14372 | D:10     | Offered knowledge of Inner Flame by Vehumet.
 14719 | D:10     | Found a hazy altar of Hepliaklqana.
 14871 | D:11     | Reached skill level 11 in Conjurations
 14877 | D:11     | Reached skill level 10 in Spellcasting
 14887 | D:11     | Reached skill level 5 in Fighting
 15085 | D:11     | Noticed Harold
 15089 | D:11     | Killed Harold
 15899 | Lair:1   | Entered Level 1 of the Lair of Beasts
 16340 | Lair:1   | Reached **** piety under Vehumet
 16389 | Lair:1   | Noticed an eight-headed hydra
 16563 | Lair:1   | Killed an eight-headed hydra
 16564 | Lair:1   | Reached skill level 12 in Conjurations
 16564 | Lair:1   | Reached XP level 12. HP: 69/69 MP: 7/28
 16833 | Lair:1   | Noticed a seven-headed hydra
 16840 | Lair:1   | Killed a seven-headed hydra
 17381 | Lair:2   | Found a dark tunnel.
 17390 | Volcano  | Entered a volcano
 17645 | Volcano  | Offered knowledge of Sticky Flame by Vehumet.
 18216 | Lair:2   | Reached skill level 13 in Conjurations
 18872 | Lair:2   | HP: 1/71 [polar bear simulacrum (19)]
 18872 | Lair:2   | Slain by a polar bear simulacrum

Illustrated notes

Levels and vault maps discovered:
D:1:      dpeg_arrival_tiny_h, layout_basic,
          hellmonk_ecumenical_altar_dog_temple
D:2:      layout_basic
D:3:      minmay_evil_eye, layout_rooms, marbit_many_paths, ashenzari_altar_1,
          okawaru_altar_gauntlet_db, overflow_temple_1_default, serial_shops,
          nicolae_shop_trees, grunt_ministairs_2, cheibrodos_gnoll_hut,
          uniq_robin, uniq_terence
D:4:      layout_rooms, grunt_temple_overflow_forces_of_nature, nrook_campfire,
          uniq_eustachio
D:5:      layout_rooms, makhleb_heckhound_becter, dk_noncrumbling_4,
          minmay_misc_feat_rows, lemuel_another_geyser, uniq_ijyb
D:6:      layout_basic, nicolae_sif_muna_little_library, xom_confusion_cloud,
          minmay_temple_entry_offerings, st_stairs_9
D:7:      layout_loops_ring, lightli_temple_of_fire
D:8:      layout_loops_ring, nicolae_dithmenos_shadow_blocks
D:9:      layout_basic, kennysheep_little_box, erik_lair_dragon,
          hex_intersection, sword_in_stone
D:10:     kennysheep_big_flooded_room, layout_basic, lemuel_doored_altar,
          orc_0_dummy, serial_glass, glass_columns_c, glass_columns_c
D:11:     layout_loops_cross, uniq_harold
Temple:   nicolae_temple_figure_zero
Lair:1:   layout_regular_city, grunt_megastairs_4
Lair:2:   minmay_lair_venomous_thicket, layout_regular_city,
          nicolae_volcano_entry_s_turn, eino_house_with_fridge

Skill      XL: |  1  2  3  4  5  6  7  8  9 10 11 12 |
---------------+-------------------------------------+-----
Conjurations   | 2 3 4 5 6 7 8 10 12 13 | 13.2
Spellcasting   | 4 5 6 8 9 10 11 | 11.7
Air Magic      | 4 5 6 7 8 10 11 12 | 12.5
Shields        | 1 3 4 |  4.0
Fighting       | 2 3 4 5 6 |  6.6
Stealth        | 3 |  3.3
Dodging        | |  2.4

Action                   |  1- 3 |  4- 6 |  7- 9 | 10-12 || total
-------------------------+-------+-------+-------+-------++-------
Melee: Unarmed           |       |     4 |       |       ||     4
       Quarterstaff      |       |       |    10 |       ||    10
       Morningstar       |       |       |     4 |       ||     4
       Short sword       |       |       |     7 |    30 ||    37
 Cast: Shock             |    96 |    89 |    89 |     4 ||   278
       Static Discharge  |     2 |    16 |    34 |    30 ||    82
       Airstrike         |       |       |    71 |   233 ||   304
       Lightning Bolt    |       |       |     4 |    67 ||    71
Evoke: Wand              |       |       |     1 |     7 ||     8
  Use: Scroll            |       |       |    12 |     6 ||    18
Armor: Robe              |       |     6 |    21 |    52 ||    79
Dodge: Dodged            |     2 |    19 |    47 |    50 ||   118
Block: Buckler           |       |       |     9 |    22 ||    31

Table legend: (Time is in decaauts)
 A = Elapsed time spent in this place.
 B = Non-inter-level travel time spent in this place.
 C = Inter-level travel time spent in this place.
 D = Time resting spent in this place.
 E = Time spent auto-exploring this place.
 F = Levels seen in this place.
 G = Mean time per level.
                   A        B        C        D        E       F      G
               +--------+--------+--------+--------+--------+-----+--------+
         Total |  18920 |  18248 |    672 |   2737 |  13107 |  15 | 1261.3 |
       Dungeon |  15629 |  15007 |    622 |   2383 |  10862 |  11 | 1420.8 |
        Temple |    421 |    421 |      0 |    130 |    233 |   1 |  421.0 |
          Lair |   2555 |   2505 |     50 |    200 |   1908 |   2 | 1277.5 |
       Volcano |    314 |    314 |      0 |     24 |    104 |   1 |  314.0 |
               +--------+--------+--------+--------+--------+-----+--------+

Top non-repeatable levels by time:
     D:9: 2880 daAuts
     D:5: 1651 daAuts
     D:6: 1620 daAuts
     D:7: 1592 daAuts
     D:3: 1385 daAuts
    D:10: 1314 daAuts
  Lair:1: 1298 daAuts
     D:1: 1271 daAuts
  Lair:2: 1256 daAuts
     D:2: 1171 daAuts
    D:11: 1036 daAuts
     D:8: 922 daAuts
     D:4: 782 daAuts
  Temple: 421 daAuts
 Volcano: 314 daAuts
